 Dungeon Crawl Stone Soup version 0.30-a0-534-gdc55766716 (webtiles) character file.

Game seed: 18279962279073903995

338 PyroL the Changer (level 6, 0/38 HPs)
             Began as an Octopode Transmuter on Dec 25, 2022.
             Slain by a gnoll
             ... wielding a +0 halberd
              (5 damage)
             ... on level 4 of the Dungeon.
             The game lasted 00:07:31 (3111 turns).

PyroL the Changer (Octopode Transmuter)             Turns: 3111, Time: 00:07:31

Health: 0/38       AC:  2    Str: 10    XL:     6   Next: 55%
Magic:  4/9        EV: 19    Int: 23    God:
Gold:   154        SH:  0    Dex: 17    Spells: 3/9 levels left

rFire   . . .      SeeInvis .      - Unarmed
rCold   . . .      Faith    .    (shield currently unavailable)
rNeg    . . .      Spirit   .    (helmet currently unavailable)
rPois   x          Reflect  .    (no amulet)
rElec   .          Harm     .    h - +6 ring of intelligence
rCorr   .          Rampage  .    (no ring)
Will    .....                    (no ring)
Stlth   ++                       (no ring)
HPRegen 0.26/turn                (no ring)
MPRegen 0.11/turn                (no ring)
                                 (no ring)
                                 (no ring)

@: spider-form, wereblooded
A: venomous fangs, almost no armour, (amphibious), 8 rings, tiny, (camouflage
1), (gelatinous body 1), (nimble swimmer 1), (tentacles)
a: End Transformation


You were on level 4 of the Dungeon.
You were a venomous arachnid creature.
You visited 1 branch of the dungeon, and saw 4 of its levels.

You collected 154 gold pieces.

Inventory:

Missiles
 d - 8 poisoned darts
Jewellery
 h - a +6 ring of intelligence (left front leg)
Scrolls
 b - 4 scrolls of identify {unknown}
 c - 2 scrolls of vulnerability {unknown}
 e - 3 scrolls of enchant weapon {unknown}
 f - 2 scrolls of torment {unknown}
 g - 3 scrolls of blinking {unknown}
 m - a scroll of summoning {unknown}
Potions
 a - a potion of lignification
 i - a potion of brilliance {unknown}
 j - a potion of degeneration {unknown}
 k - a potion of might {unknown}
 l - a potion of curing {unknown}
 n - a potion of attraction {unknown}


   Skills:
 - Level 1.0 Fighting
 - Level 2.0 Dodging
 * Level 4.6 Unarmed Combat
 - Level 2.0 Spellcasting
 + Level 5.0 Transmutations
 - Level 3.0 Poison Magic


You had 3 spell levels left.
You knew the following spells:

 Your Spells              Type           Power      Damage    Failure   Level
a - Beastly Appendage     Tmut           50%        N/A       7%          1
b - Wereblood             Tmut           25%        N/A       10%         2
c - Spider Form           Tmut/Pois      20%        N/A       21%         3

Your spell library contained the following spells:

 Spells                   Type           Power      Damage    Failure   Level
 Kiss of Death            Conj/Necr      8%         2d6       30%         1
 Confusing Touch          Hex            2%         N/A       58%         3
 Ice Form                 Ice/Tmut       13%        N/A       63%         4
 Dispel Undead            Necr           2%         3d7       90%         4


Dungeon Overview and Level Annotations

Branches:
Dungeon (4/15)
 Temple: D:4-7

Altars:
Makhleb
Uskayaw

Shops:
D:3 =[*!?


Innate Abilities, Weirdness & Mutations

You are a venomous arachnid creature.
You have poisonous fangs.
You are tiny and dextrous.
Your spellcasting is less reliable in this form.
Your armour is entirely melded.
You are incapable of wielding weapons or throwing items.
You cannot wear most types of armour.
((You are amphibious.))
You can wear up to eight rings at the same time.
((Your skin changes colour to match your surroundings (Stealth+).))
((Your rubbery body absorbs attacks. (AC +1, EV +1)))
((You are camouflaged when in or above water. (Stealth+)))
((You have tentacles for arms and can constrict up to eight enemies at once.))


Message History

A quokka, a hobgoblin and a gnoll come into view.
Found 15 gold pieces. 2 gnolls come into view.
The gnoll shouts!
The hobgoblin shouts!
The gnoll shouts!
The gnoll hits you from afar with a +0 halberd.
There is an open door here.
Casting: Spider Form (dangerous; 8% risk of failure)
Confirm with . or Enter, or press ? or * to list all spells.
You turn into a venomous arachnid creature.
The gnoll closely misses you. The gnoll misses you.
The gnoll completely misses you.
You bite the gnoll!
The gnoll is heavily wounded.
The gnoll misses you. x3; The quokka misses you.
Casting: Spider Form (quite dangerous; 21% risk of failure)
Confirm with . or Enter, or press ? or * to list all spells.
Your blood is infused with primal strength.
The gnoll completely misses you. The gnoll misses you. x2
The quokka completely misses you.
Bite: -) Fangs (venom)
Press: ? - help, Dir - move target, f - gnoll
Aim: a gnoll, wielding a +0 whip (heavily wounded, about 17% to evade your front legs)
Okay, then.
You closely miss the quokka. The gnoll closely misses you. x2
The gnoll completely misses you. The quokka misses you.
You closely miss the quokka. The gnoll closely misses you.
The gnoll completely misses you. The gnoll misses you. The quokka bites you.
You closely miss the quokka. The quokka completely misses you.
The gnoll misses you. The gnoll barely misses you.
The gnoll hits you from afar with a +0 halberd!
You closely miss the quokka. The quokka closely misses you.
The gnoll misses you. x2
The gnoll hits you from afar with a +0 halberd!
* * * LOW HITPOINT WARNING * * *
You hit the gnoll but do no damage.
The gnoll is poisoned.
The gnoll is heavily wounded.
The quokka bites you.
* * * LOW HITPOINT WARNING * * *
The gnoll hits you from afar with a +0 halberd.
You die...

##############
.............
.............#
............#
#..........#
#.g.gg.....##
#..gr##.....#
#####s##.....+
+......).....#
#...........# .....##
##....##....##......#
#....###'####......##
#....##....#.....#.#.
####+##....#.........
#.....#....###..
+.....#..#.#)#.#


You could see 3 gnolls, a quokka and a hobgoblin.

Vanquished Creatures
  A scorpion (D:4)
  A hound (D:4)
  A gnoll bouda (D:4)
  An iguana (D:4)
  Natasha (thrice) (D:2)
  5 adders
  A worm (D:3)
  2 dart slugs (D:1)
  7 orcs (D:3)
  5 endoplasms
  3 giant cockroaches
  6 hobgoblins
  9 kobolds
  6 ball pythons
  A bat (D:1)
  3 frilled lizards
  4 goblins
  4 rats
63 creatures vanquished.

Notes
Turn   | Place    | Note
-------+----------+-------------------------------------------
     0 | D:1      | PyroL the Octopode Transmuter began the quest for the Orb.
     0 | D:1      | Reached XP level 1. HP: 13/13 MP: 3/3
    95 | D:1      | Reached skill level 1 in Poison Magic
    95 | D:1      | Reached XP level 2. HP: 10/18 MP: 5/5
   388 | D:1      | Learned a level 2 spell: Wereblood
   764 | D:1      | Reached XP level 3. HP: 19/23 MP: 4/6
  1466 | D:2      | Noticed Natasha
  1477 | D:2      | Killed Natasha
  1478 | D:2      | Reached skill level 3 in Transmutations
  1518 | D:2      | Learned a level 3 spell: Spider Form
  1537 | D:2      | Reached XP level 4. HP: 28/28 MP: 5/7
  1610 | D:2      | Noticed Natasha
  1822 | D:2      | Killed Natasha
  1898 | D:2      | Noticed Natasha
  1907 | D:2      | Killed Natasha
  1908 | D:2      | Reached skill level 4 in Transmutations
  1908 | D:2      | Reached XP level 5. HP: 11/33 MP: 6/8
  2153 | D:3      | Found Acus's Jewellery Emporium.
  2155 | D:3      | Found Wegheben's Antique Armour Shoppe.
  2173 | D:3      | Found Riwyalul's Distillery.
  2182 | D:3      | Found Soaxaqie's General Store.
  2184 | D:3      | Found Jant's Magic Scroll Boutique.
  2184 | D:3      | Found a faded altar of an unknown god.
  2470 | D:3      | Found a burning altar of Makhleb.
  2521 | D:3      | Found a hide-covered altar of Uskayaw.
  2804 | D:4      | Reached XP level 6. HP: 28/38 MP: 5/9
  3049 | D:4      | Reached skill level 5 in Transmutations
  3111 | D:4      | Slain by a gnoll

Illustrated notes

Levels and vault maps discovered:
D:1:      minmay_arrival_widening_spiral_wide, layout_loops_ring
D:2:      layout_basic, uniq_natasha
D:3:      layout_rooms, mainiacjoe_overflow_two_lobes, serial_shops,
          nicolae_shop_competitors_out_of_business, shop,
          nicolae_shop_window_shopping, nicolae_square_shop, shop,
          ebering_ecumenical_altar_abandoned
D:4:      layout_gridville, minmay_fractal_squares_5, uniq_ijyb

Skill      XL: |  1  2  3  4  5  6 |
---------------+-------------------+-----
Poison Magic   | 1 2 3 |  3.0
Transmutations | 3 4 5 |  5.0
Unarmed Combat | 4 |  4.6
Fighting       | |  1.0
Dodging        | |  2.0
Spellcasting   | |  2.0

Action                   |  1- 3 |  4- 6 || total
-------------------------+-------+-------++-------
Melee: Unarmed           |    62 |    92 ||   154
       Tentacles         |    11 |    15 ||    26
       Constrict         |    13 |    18 ||    31
       Kick              |    17 |    23 ||    40
       Punch             |     1 |     2 ||     3
 Cast: Beastly Appendage |    22 |    17 ||    39
       Wereblood         |       |     4 ||     4
       Spider Form       |       |     4 ||     4
 Stab: Sleeping          |     3 |       ||     3
Armor: Skin              |     3 |     4 ||     7
Dodge: Dodged            |    29 |    79 ||   108

Table legend: (Time is in decaauts)
 A = Elapsed time spent in this place.
 B = Non-inter-level travel time spent in this place.
 C = Inter-level travel time spent in this place.
 D = Time resting spent in this place.
 E = Time spent auto-exploring this place.
 F = Levels seen in this place.
 G = Mean time per level.
                   A        B        C        D        E       F      G
               +--------+--------+--------+--------+--------+-----+--------+
         Total |   3101 |   3062 |     39 |    513 |   1933 |   4 |  775.2 |
       Dungeon |   3101 |   3062 |     39 |    513 |   1933 |   4 |  775.2 |
               +--------+--------+--------+--------+--------+-----+--------+

Top non-repeatable levels by time:
     D:1: 1084 daAuts
     D:2: 1063 daAuts
     D:3: 730 daAuts
     D:4: 223 daAuts
